 Dungeon Crawl Stone Soup version 0.31-a0-1098-g6898e6545c (webtiles) character file.

Game seed: 14420699946984397178

317 Malachi the Changeling (level 6, -1/64 HPs)
             Began as an Octopode Shapeshifter on Nov 30, 2023.
             Slain by an elf zombie (3 damage)
             ... in an ossuary.
             The game lasted 00:04:26 (2352 turns).

Malachi the Changeling (Octopode Shapeshifter)      Turns: 2352, Time: 00:04:27

Health: -1/64      AC:  1    Str: 15    XL:     6   Next: 45%
Magic:  6/6        EV: 13    Int: 13    God:
Gold:   178        SH:  0    Dex: 11    Spells: 5/5 levels left

rFire   . . .        f - +0 short sword (vamp)
rCold   . . .        (no shield)
rNeg    . . .        (helmet currently unavailable)
rPois   .            (no amulet)
rElec   .            (no ring)
rCorr   .            (no ring)
SInv    .            (no ring)
Will    .....        (no ring) Stlth
                     (no ring)
HPRegen 0.30/turn    (no ring)
MPRegen 0.10/turn    (no ring)
                     (no ring)

%: no passive effects
@: berserking (expiring), beast-form, attractive, very quick
A: beast (slay +2), almost no armour, amphibious, 8 rings, camouflage 1,
gelatinous body 1, (nimble swimmer 1), tentacles
a: Begin Untransformation


You were in an ossuary.
You were a hulking beast.
You visited 1 branch of the dungeon, and saw 4 of its levels.
You also visited: Ossuary.

You collected 178 gold pieces.

Inventory:

Hand Weapons
 f - a +0 vampiric short sword (weapon)
Talismans
 b - a beast talisman
 c - a flux talisman
Wands
 j - a wand of polymorph (3)
Scrolls
 k - a scroll of revelation {unknown}
 l - 2 scrolls of teleportation
Potions
 e - a potion of heal wounds {unknown}
 g - 2 potions of curing {unknown}
 h - 2 potions of brilliance {unknown}


   Skills:
 + Level 4.0 Fighting
 - Level 2.0 Dodging
 - Level 4.0 Unarmed Combat
 + Level 4.7 Shapeshifting


You had 5 spell levels left.
You didn't know any spells.
Your spell library contained the following spells:

 Spells                   Type           Power      Damage    Failure   Level
 Slow                     Hex            0%         N/A       30%         1
 Sublimation of Blood     Necr           0%         N/A       43%         2
 Wereblood                Tmut           0%         N/A       43%         2
 Confusing Touch          Hex            0%         N/A       67%         3
 Sigil of Binding         Hex            0%         N/A       67%         3
 Vampiric Draining        Necr           0%         2d6       67%         3
 Summon Hydra             Summ           0%         N/A       100%        7


Dungeon Overview and Level Annotations

Branches:
Dungeon (4/15)            Ossuary (1/1)
 Temple: D:4-7

Altars:


Innate Abilities, Weirdness & Mutations

You are a hulking beast.
Your limbs bulge with bestial killing power. (Slay +2)
You cannot wear most types of armour.
You are amphibious.
You can wear up to eight rings at the same time.
Your skin changes colour to match your surroundings (Stealth+).
Your rubbery body absorbs attacks. (AC +1, EV +1)
((You are camouflaged when in or above water. (Stealth+)))
You have tentacles for arms and can constrict up to eight enemies at once.


Message History

A red film seems to cover your vision as you go berserk!
You feel yourself moving faster!
You feel mighty!
You constrict the mummy, but do no damage.
The mummy closely misses you.
You hit the mummy.
The mummy is almost destroyed.
You constrict the mummy.
You destroy the mummy!
You hit the elf zombie. You grab the elf zombie. You squeeze the elf zombie!
The elf zombie is moderately damaged.
You constrict the elf zombie.
The gnoll zombie is attracted toward you.
You hit the elf zombie.
The elf zombie is heavily damaged.
You constrict the elf zombie. The elf zombie misses you.
The gnoll zombie is attracted toward you.
You hit the elf zombie. You squeeze the elf zombie!!
The elf zombie is almost destroyed.
You constrict the elf zombie. The elf zombie hits you!
* * * LOW HITPOINT WARNING * * *
You hit the elf zombie.
The elf zombie is almost destroyed.
You constrict the elf zombie.
You destroy the elf zombie!
Your Fighting skill increases to level 4!
You puncture the rat zombie!
You destroy the rat zombie!
You puncture the elf zombie! Your grab misses the elf zombie.
The elf zombie is lightly damaged.
You puncture the elf zombie! You grab the elf zombie.
The elf zombie is moderately damaged.
You constrict the elf zombie. The elf zombie hits you.
* * * LOW HITPOINT WARNING * * *
You puncture the elf zombie! You squeeze the elf zombie!
The elf zombie is heavily damaged.
You constrict the elf zombie. You hit the elf zombie.
You squeeze the elf zombie!
The elf zombie is almost destroyed.
You constrict the elf zombie. The elf zombie hits you.
You die...

#################
#$$#...........∩
#$h#ZZ.......... .
###ZZ........#####.
#.ZZ...............
#..................
#.....##.......Z...
#.....##...........
#.........Z........
#........Z.........
#..#...............


You could see an adder zombie, a rat zombie, 2 gnoll zombies, a kobold zombie
and an elf zombie.

Vanquished Creatures
  An elf zombie (Ossuary)
  A scorpion (D:4)
  A hound zombie (D:4)
  A mummy (Ossuary)
  A hound skeleton (D:4)
  4 gnolls (D:2)
  6 adders
  An adder skeleton (D:4)
  2 worms
  3 dart slugs
  2 orcs
  5 bats
  An endoplasm (D:1)
  3 giant cockroaches (D:1)
  4 goblins
  5 hobgoblins
  A quokka (D:2)
  5 ball pythons
  A frilled lizard (D:3)
  A jackal zombie (Ossuary)
  5 kobolds
  2 rats
  A rat zombie (Ossuary)
57 creatures vanquished.

Notes
Turn   | Place    | Note
-------+----------+-------------------------------------------
     0 | D:1      | Malachi the Octopode Shapeshifter began the quest for the
                  | Orb.
     0 | D:1      | Reached XP level 1. HP: 13/13 MP: 1/1
   206 | D:1      | Reached XP level 2. HP: 15/18 MP: 2/2
   777 | D:2      | Reached XP level 3. HP: 23/23 MP: 3/3
   887 | D:2      | Reached XP level 4. HP: 8/29 MP: 4/4
  1777 | D:3      | Reached XP level 5. HP: 35/35 MP: 5/5
  1980 | D:3      | Noticed an ice beast
  2122 | D:4      | Noticed a water moccasin
  2254 | D:4      | Found a sand-covered staircase.
  2267 | D:4      | Reached XP level 6. HP: 35/42 MP: 6/6
  2321 | Ossuary  | Entered an ossuary
  2350 | Ossuary  | HP: 2/64 [elf zombie (3)]
  2352 | Ossuary  | Slain by an elf zombie

Illustrated notes

Levels and vault maps discovered:
D:1:      lightli_arrival_flooded_house, layout_loops_ring
D:2:      layout_basic
D:3:      layout_rooms
D:4:      layout_loops_corners, mainiacjoe_ossuary_entry_find_the_door,
          uniq_menkaure, uniq_grinder
Ossuary:  ossuary_minmay_tomb_2a

Skill      XL: |  1  2  3  4  5  6 |
---------------+-------------------+-----
Unarmed Combat | 4 |  4.0
Fighting       | 2 3 4 |  4.0
Shapeshifting  | 4 |  4.7
Dodging        | |  2.0

Action                     |  1- 3 |  4- 6 || total
---------------------------+-------+-------++-------
  Melee: Unarmed           |    22 |       ||    22
         Tentacles         |     4 |    23 ||    27
         Short sword       |    44 |   101 ||   145
         Constrict         |    10 |    21 ||    31
         Punch             |     2 |     4 ||     6
    Use: Potion            |     1 |     2 ||     3
         Scroll            |       |     8 ||     8
   Stab: Sleeping          |     3 |     3 ||     6
         Distracted        |       |     1 ||     1
 Armour: Skin              |    32 |    74 ||   106
  Dodge: Dodged            |    41 |    38 ||    79

Table legend: (Time is in decaauts)
 A = Elapsed time spent in this place.
 B = Non-inter-level travel time spent in this place.
 C = Inter-level travel time spent in this place.
 D = Time resting spent in this place.
 E = Time spent auto-exploring this place.
 F = Levels seen in this place.
 G = Mean time per level.
                   A        B        C        D        E       F      G
               +--------+--------+--------+--------+--------+-----+--------+
         Total |   2346 |   2298 |     48 |    673 |   1195 |   5 |  469.2 |
       Dungeon |   2318 |   2270 |     48 |    673 |   1195 |   4 |  579.5 |
       Ossuary |     27 |     27 |      0 |      0 |      0 |   1 |   27.0 |
               +--------+--------+--------+--------+--------+-----+--------+

Top non-repeatable levels by time:
     D:2: 966 daAuts
     D:1: 697 daAuts
     D:3: 331 daAuts
     D:4: 322 daAuts
 Ossuary: 27 daAuts
